Cogmind - Beta 13 @@@ ROGUE MODE // 2024.06.11 @ 19:45:22 Player: saltine Result: Destroyed by Cetus Guard with Advanced KE Penetrator Performance ------------- Evolutions (4) 2000 Regions Visited (7) 1400 Robots Destroyed (100) 500 Value Destroyed (3040) 3040 Prototype IDs (5) 100 Alien Tech Used (0) 0 Bonus (851) 851 TOTAL SCORE: 7891 Bonus ------- High Alert Combat Kills 542 Follower Combat Kills 309 Cogmind --------- Core Integrity 0/850 Matter 265/300 Energy 48/100 System Corruption 0% Temperature Cool (9) Movement Rolling (100) Location -6/Cetus Parts ------- > --- POWER (1) -------- (None) > --- PROPULSION (4) --- Armored Huge Wheel > --- UTILITY (7) ------ Transmission Jammer > --- WEAPON (3) ------- (None) > --- INVENTORY (5) ---- Heavy Flak Cannon Peak State ------------ > --- POWER ------------ Light Angular Momentum Engine > --- PROPULSION ------- Light Treads Improved Treads Improved Treads Improved Treads > --- UTILITY ---------- Huge Storage Unit Improved Sensor Array Improved Signal Interpreter Transmission Jammer Layered Medium Armor Plating > --- WEAPON ----------- Heavy Ion Cannon Phasing Sabre > --- INVENTORY -------- Improved Deuterium Engine Light Treads Compact Wheel Compact Wheel Armored Huge Wheel Armored Huge Wheel Armored Huge Wheel High-capacity Storage Unit Backup Laser I [Rating: 41] Favorites ----------- Power Reinforced Ion Engine Engine Reinforced Ion Engine Power Core Light Nuclear Core Propulsion Light Treads Treads Light Treads Wheel Compact Wheel Utility Large Storage Unit Device Heat Sink Storage Large Storage Unit Processor Improved Signal Interpreter Hackware Hacking Suite Protection Medium Armor Plating Weapon Heavy Assault Rifle Energy Gun Backup Laser I Energy Cannon Heavy Ion Cannon Ballistic Gun Heavy Assault Rifle Ballistic Cannon Improved Light Cannon Launcher Rocket Launcher Impact Weapon Great Maul Slashing Weapon Chainsword Special Melee Weapon Datajack Build | -11 -10 -9 -8 -7 -6 -6 -6 ------- Run | Yrd Mat Mat Mat Fac Fac Ext Cet Slots Evolved 8 | . . 2 2 2 2 . . Power . | . . . . . . . . Propulsion 2 | . . . . 1 1 . . Utility 5 | . . 2 2 1 . . . Weapon 1 | . . . . . 1 . . Parts Attached 85 | 6 4 18 26 16 4 8 3 Power 8 | 1 . 2 2 1 . 2 . Engine 6 | 1 . 2 1 . . 2 . Core 2 | . . . 1 1 . . . Reactor . | . . . . . . . . Propulsion 29 | 2 . 4 8 6 4 3 2 Treads 15 | 2 . 4 . 4 4 1 . Leg . | . . . . . . . . Wheel 14 | . . . 8 2 . 2 2 Hover . | . . . . . . . . Flight . | . . . . . . . . Utility 22 | 1 3 8 2 6 . 1 1 Device 9 | . 1 1 1 5 . . 1 Storage 4 | 1 2 . 1 . . . . Processor 1 | . . . . 1 . . . Hackware 1 | . . 1 . . . . . Protection 7 | . . 6 . . . 1 . Artifact . | . . . . . . . . Weapon 26 | 2 1 4 14 3 . 2 . Energy Gun 2 | 1 . . 1 . . . . Energy Cannon 3 | . . . 2 1 . . . Ballistic Gun 8 | 1 1 3 3 . . . . Ballistic Cannon 4 | . . 1 3 . . . . Launcher 4 | . . . 4 . . . . Special Weapon . | . . . . . . . . Impact Weapon 2 | . . . 1 1 . . . Slashing Weapon 2 | . . . . 1 . 1 . Piercing Weapon . | . . . . . . . . Special Melee Weapon 1 | . . . . . . 1 . Unidentified Prototypes . | . . . . . . . . Parts Lost 44 | . . 7 16 9 . 11 1 Power 7 | . . . 3 2 . 2 . Propulsion 14 | . . 1 4 4 . 4 1 Utility 11 | . . 3 3 2 . 3 . Weapon 12 | . . 3 6 1 . 2 . Highest Loss Streak 9 | . . 2 5 6 . 9 1 To Critical Strikes 1 | . . . 1 . . . . Average Slot Usage (%) 86 | . 96 98 73 73 73 68 . Engine 8 | . 14 11 6 3 . 3 . Treads 19 | . 28 22 4 16 26 22 . Wheel 2 | . . . 12 4 . . . Device 11 | . 11 10 7 16 20 12 . Storage 11 | . 14 11 15 14 6 5 . Processor 1 | . . . . 3 6 5 . Hackware 1 | . . 2 4 . . . . Protection 8 | . . 17 4 . . . . Energy Cannon 1 | . . . 6 . 6 4 . Ballistic Gun 11 | . 27 16 3 . . . . Ballistic Cannon 3 | . . 5 4 . . . . Naked Turns 49 | . . . . . . 38 11 Heaviest Build 128 | 14 30 51 128 115 94 111 . Greatest Support 89 | 40 40 43 43 63 89 89 3 Greatest Overweight (x) 10 | 1 . 1 10 6 1 3 . Average Overweight (x) 1 | . . . 3 2 1 . . Largest Inventory Capacity 25 | 8 15 15 25 25 25 25 5 Average Capacity 17 | 7 11 15 22 25 25 23 5 Most Carried 19 | 4 13 15 19 15 13 12 5 Average Carried 12 | 2 9 14 16 10 12 11 4 Final Capacity 25 | 8 15 15 25 25 25 5 5 Final Carried 16 | 4 13 15 16 14 12 5 1 Class Distribution -------------------- 74% | Mutant 22% | Scavenger-Mutant 3% | Commander-Mutant Dominant Class ---------------- Mutant | -10/Materials Mutant | -9/Materials Mutant | -8/Materials Mutant | -7/Factory Mutant | -6/Factory Mutant | -6/Extension Mutant | -6/Cetus Resources | -11 -10 -9 -8 -7 -6 -6 -6 ----------- Run | Yrd Mat Mat Mat Fac Fac Ext Cet Matter Collected 2156 | 188 240 906 597 113 . 112 . Remotely . | . . . . . . . . Salvage Created 3169 | . 198 1552 1105 207 . 107 . Parts 173 | . 15 98 54 . . 6 . Haulers Intercepted 3 | . 1 1 1 . . . . Recyclers Shooed 1 | . . 1 . . . . . Parts Field Recycled . | . . . . . . . . Retrieved Matter . | . . . . . . . . Parts Self-Destructed . | . . . . . . . . Prevented . | . . . . . . . . Kills | -11 -10 -9 -8 -7 -6 -6 -6 ------- Run | Yrd Mat Mat Mat Fac Fac Ext Cet Combat Hostiles Destroyed 87 | . 7 41 29 8 . 2 . Melee 5 | . . . 1 4 . . . Guns 40 | . 7 28 5 . . . . Cannons 29 | . . 12 15 . . 2 . AOE 6 | . . 1 5 . . . . Classes Destroyed 12 | . 3 5 2 1 . 1 . Worker 2 | . . 1 1 . . . . Hauler 3 | . 1 1 1 . . . . Recycler 4 | . . 1 3 . . . . Operator 3 | . . 3 . . . . . Watcher 1 | . . . . . . 1 . Swarmer 28 | . 5 10 8 4 . 1 . Grunt 40 | . 2 21 14 3 . . . Brawler 3 | . . 1 2 . . . . Duelist 2 | . . . 2 . . . . Sentry 11 | . . 9 1 . . 1 . Specialist 2 | . . . 2 . . . . Programmer 1 | . . . . 1 . . . Best Kill Streak 8 | . 4 5 8 3 . 2 . Combat Bots Only 6 | . 4 4 6 3 . 1 . Max Kills in Single Turn 2 | . 1 2 2 1 . 1 . Gunslinging 1 | . . 1 . . . . . Exploded 2 | . . 1 2 . . . . Melee 1 | . . . 1 1 . . . Uniques/NPCs Destroyed . | . . . . . . . . Combat | -11 -10 -9 -8 -7 -6 -6 -6 -------- Run | Yrd Mat Mat Mat Fac Fac Ext Cet Hostile Shots Fired 766 | . 34 207 187 169 . 163 6 Missed 232 | . 8 71 50 49 . 53 1 Damage Taken 8546 | . 219 1714 2177 1891 . 2424 121 Core 2130 | . 32 208 510 507 . 771 102 Absorbed by Shields . | . . . . . . . . Core Remaining (%) 53 | 100 87 48 7 27 . . . Volleys Fired 236 | . 21 114 88 6 . 7 . Largest 2 | . 2 2 2 1 . 1 . Hottest 124 | . 40 64 124 65 . 65 . Shots Fired 424 | . 42 228 141 6 . 7 . Gun 265 | . 42 176 46 1 . . . Cannon 150 | . . 52 86 5 . 7 . Launcher 9 | . . . 9 . . . . Special . | . . . . . . . . Kinetic 332 | . 42 228 62 . . . . Thermal 83 | . . . 70 6 . 7 . Explosive 9 | . . . 9 . . . . Electromagnetic . | . . . . . . . . Robot Hit Streak 9 | . 4 9 8 1 . 2 . Robot Miss Streak 6 | . 3 5 6 3 . 2 . Penetration Max . | . . . . . . . . Secondary Targets 5 | . 1 2 2 . . . . Max Gunslinging Chain 1 | . 1 1 1 . . . . Shots Hit Robots 298 | . 20 145 93 24 . 16 . Core Hits 152 | . 10 64 72 3 . 3 . Critical Kills 3 | . . . 3 . . . . Critical Parts Destroyed 7 | . . . 2 5 . . . Critical Strikes 15 | . . 2 8 5 . . . Burn 1 | . . . 1 . . . . Meltdown 2 | . . . 2 . . . . Blast 2 | . . 2 . . . . . Smash 10 | . . . 5 5 . . . Melee Attacks 56 | . . . 8 35 . 13 . Impact 42 | . . . 8 34 . . . Slashing 2 | . . . . 1 . 1 . Piercing . | . . . . . . . . Sneak Attacks 12 | . . . . . . 12 . Combat Hostiles . | . . . . . . . . Follow-up Attacks . | . . . . . . . . Damage Inflicted 7189 | 5 252 2630 3091 1101 . 110 . Guns 2515 | . 250 1773 492 . . . . Cannons 2162 | . . 721 1278 53 . 110 . Explosions 1136 | . . 111 1025 . . . . Melee 1302 | . . . 296 1006 . . . Ramming 74 | 5 2 25 . 42 . . . Kinetic 3567 | . 250 2494 823 . . . . Thermal 1221 | . . 111 947 53 . 110 . Explosive 1025 | . . . 1025 . . . . Electromagnetic . | . . . . . . . . Impact 1262 | . . . 296 966 . . . Slashing 40 | . . . . 40 . . . Piercing . | . . . . . . . . Highest Corruption 15 | . 5 . 15 3 . . . Average Corruption 3 | . 3 . 13 2 . . . Corruption Purged . | . . . . . . . . Corruption Blocked . | . . . . . . . . Effects 31 | . 16 . 6 9 . . . Message Errors 7 | . 5 . 1 1 . . . Matter Fused 10 | . 4 . 1 5 . . . Energy Discharges 4 | . 4 . . . . . . Parts Fused 1 | . 1 . . . . . . Data Loss (minor) 7 | . 2 . 3 2 . . . Data Loss (major) 1 | . . . . 1 . . . Misfires 1 | . . . 1 . . . . Overload Shots . | . . . . . . . . Overflow Damage 455 | . . 5 89 361 . . . Projectiles . | . . . . . . . . Explosions 5 | . . 5 . . . . . Melee 450 | . . . 89 361 . . . Knockbacks 24 | . . 4 11 9 . . . Impact 10 | . . 1 . 9 . . . Kinetic 14 | . . 3 11 . . . . Secondary . | . . . . . . . . Self-Inflicted Damage 130 | . . 69 41 20 . . . Shots 4 | . . 2 2 . . . . Rammed 9 | 2 1 4 . 2 . . . Targets Rammed 11 | 2 1 6 . 2 . . . Kicked . | . . . . . . . . Crushed 2 | . . 2 . . . . . Highest Temperature 150 | . . 31 150 91 . 28 . Average Temperature 28 | . . 11 46 47 . 10 . Received Heat Transfer 2550 | . 12 684 927 441 . 468 18 Siege Activations . | . . . . . . . . Robots Corrupted . | . . . . . . . . Combat Hostiles . | . . . . . . . . Parts Fried 7 | . . . 1 6 . . . Impact Corruptions 20 | . . . 3 17 . . . Robots Melted 2 | . . . 2 . . . . Combat Hostiles 2 | . . . 2 . . . . Parts Melted 5 | . . . 4 . . 1 . Heat Transferred 2170 | . . 50 1898 74 . 148 . Parts Sabotaged . | . . . . . . . . Parts Stolen . | . . . . . . . . Parts Stripped . | . . . . . . . . Power Chain Reactions . | . . . . . . . . Alert | -11 -10 -9 -8 -7 -6 -6 -6 ------- Run | Yrd Mat Mat Mat Fac Fac Ext Cet Peak Influence 843 | . 137 734 843 478 . 217 33 Initial 343 | . . 12 310 343 . . 33 Average 283 | . 57 347 592 285 . 62 33 Maximum Alert Level 3 | . . 3 3 2 . 1 . Low Security (%) 47 | 100 100 34 . 28 100 87 100 Level 1 22 | . . 23 27 61 . 12 . Level 2 23 | . . 41 27 10 . . . Level 3 6 | . . 1 45 . . . . Level 4 . | . . . . . . . . Level 5 . | . . . . . . . . High Security . | . . . . . . . . Max Security . | . . . . . . . . Squads Dispatched 17 | . 1 5 5 5 . 1 . Investigation 4 | . . 1 1 2 . . . Extermination 1 | . . . . 1 . . . Reinforcement 10 | . 1 4 2 2 . 1 . Assault 2 | . . . 2 . . . . Garrison . | . . . . . . . . Intercept . | . . . . . . . . Searches Triggered . | . . . . . . . . Construction Impeded 1 | . . . 1 . . . . Haulers Reinforced . | . . . . . . . . Active Scanning Responses . | . . . . . . . . Cargo Convoy Interrupts . | . . . . . . . . Stealth | -11 -10 -9 -8 -7 -6 -6 -6 --------- Run | Yrd Mat Mat Mat Fac Fac Ext Cet Distress Signals 9 | . 1 4 1 . . 2 1 Communications Jammed . | . . . . . . . . Distress Signals . | . . . . . . . . Times Spotted 157 | . 14 66 40 13 . 20 4 Peak Tracking Total 11 | . 4 7 7 5 . 11 5 Tactical Retreats 10 | . . 3 5 . . 2 . Traps | -11 -10 -9 -8 -7 -6 -6 -6 ------- Run | Yrd Mat Mat Mat Fac Fac Ext Cet Traps Triggered 5 | . 3 . . 2 . . . Indirectly . | . . . . . . . . Trap Hack Attempts . | . . . . . . . . Triggered . | . . . . . . . . Disarmed 9 | . 3 6 . . . . . Reprogrammed . | . . . . . . . . Reused . | . . . . . . . . Traps Extracted . | . . . . . . . . Installed . | . . . . . . . . Triggered . | . . . . . . . . Objects Rigged 2 | . . 2 . . . . . Exploded 1 | . . 1 . . . . . Machines | -11 -10 -9 -8 -7 -6 -6 -6 ---------- Run | Yrd Mat Mat Mat Fac Fac Ext Cet Machines Disabled 9 | . 1 4 1 . . 3 . Max in Single Turn 3 | . 1 3 1 . . 1 . Machines Repaired . | . . . . . . . . Machines Dismantled . | . . . . . . . . Machines Sabotaged . | . . . . . . . . Overloaded Fab Kills . | . . . . . . . . Hacking | -11 -10 -9 -8 -7 -6 -6 -6 --------- Run | Yrd Mat Mat Mat Fac Fac Ext Cet Machines Accessed 21 | . 5 8 3 4 1 . . Terminals 17 | . 5 7 3 2 . . . Fabricators 1 | . . . . . 1 . . Repair Stations 1 | . . . . 1 . . . Recycling Units 1 | . . 1 . . . . . Scanalyzers . | . . . . . . . . Garrison Access 1 | . . . . 1 . . . Total Hacks 48 | . 16 19 6 6 1 . . Successful 28 | . 10 12 3 2 1 . . Failed 20 | . 6 7 3 4 . . . Catastrophic 5 | . . . 2 3 . . . Database Lockouts . | . . . . . . . . Manual 20 | . 6 12 2 . . . . Terminals 42 | . 16 17 6 3 . . . Fabricators 1 | . . . . . 1 . . Repair Stations 1 | . . . . 1 . . . Recycling Units 2 | . . 2 . . . . . Scanalyzers . | . . . . . . . . Garrison Access 2 | . . . . 2 . . . Terminal Hacks 19 | . 7 8 3 1 . . . Robot Analysis 3 | . . 1 2 . . . . Prototype ID Bank 3 | . 1 2 . . . . . Branch Access Points 1 | . . 1 . . . . . Emergency Access Points 1 | . 1 . . . . . . Terminal Index 2 | . 1 1 . . . . . Unreport Threat 1 | . . . . 1 . . . Locate Traps 3 | . 2 . 1 . . . . Disarm Traps 2 | . 1 1 . . . . . Dispatch Records 1 | . . 1 . . . . . Zone Layout 2 | . 1 1 . . . . . Fabricator Hacks 1 | . . . . . 1 . . Network Status 1 | . . . . . 1 . . Repair Station Hacks 1 | . . . . 1 . . . Refit 1 | . . . . 1 . . . Recycling Unit Hacks . | . . . . . . . . Scanalyzer . | . . . . . . . . Garrison Access Hacks . | . . . . . . . . Unauthorized Hacks 7 | . 3 4 . . . . . Terminals 7 | . 3 4 . . . . . Botnet 5 | . 3 2 . . . . . Detonate 1 | . . 1 . . . . . Disrupt 1 | . . 1 . . . . . Fabricators . | . . . . . . . . Repair Stations . | . . . . . . . . Recycling Units . | . . . . . . . . Scanalyzers . | . . . . . . . . Garrison Access . | . . . . . . . . Data Cores Recovered 1 | . . 1 . . . . . Used . | . . . . . . . . Hacking Detections 20 | . 5 7 3 4 1 . . Full Trace Events 4 | . 1 1 1 1 . . . Feedback Events . | . . . . . . . . Feedback Blocked . | . . . . . . . . Robot Schematics Acquired . | . . . . . . . . Robots Built . | . . . . . . . . Authchips . | . . . . . . . . Time . | . . . . . . . . Total Robot Build Rating . | . . . . . . . . Part Schematics Acquired . | . . . . . . . . Parts Built . | . . . . . . . . Authchips . | . . . . . . . . Time . | . . . . . . . . Total Part Build Rating . | . . . . . . . . Parts Repaired . | . . . . . . . . Time . | . . . . . . . . Parts Recycled . | . . . . . . . . Recycled Matter . | . . . . . . . . Retrieved Matter . | . . . . . . . . Retrieved Components . | . . . . . . . . Parts Scanalyzed . | . . . . . . . . Part Schematics Acquired . | . . . . . . . . Parts Damaged . | . . . . . . . . Bothacking | -11 -10 -9 -8 -7 -6 -6 -6 ------------ Run | Yrd Mat Mat Mat Fac Fac Ext Cet Used RIF Installer . | . . . . . . . . Robots Hacked . | . . . . . . . . Non-combat . | . . . . . . . . Combat . | . . . . . . . . Robot Hacks Applied . | . . . . . . . . Relay Couplers Released . | . . . . . . . . Fabnet Peak Effective % . | . . . . . . . . Robots Rewired 6 | . . . . . . 6 . Allies Hacked . | . . . . . . . . Hacks Repelled . | . . . . . . . . Allies | -11 -10 -9 -8 -7 -6 -6 -6 -------- Run | Yrd Mat Mat Mat Fac Fac Ext Cet Total Allies 9 | . . . . 3 . 6 . Largest Group 4 | . . . . 3 . 4 . Highest-Rated Group 156 | . . . . 93 . 156 . Highest-Rated Ally 39 | . . . . 31 . 39 . Total Orders . | . . . . . . . . Ally Attacks 101 | . . . . 8 . 93 . Total Damage 1441 | . . . . 106 . 1335 . Kills 9 | . . . . 1 . 8 . Allies Corrupted 1 | . . . . . . 1 . Allies Melted . | . . . . . . . . Intel | -11 -10 -9 -8 -7 -6 -6 -6 ------- Run | Yrd Mat Mat Mat Fac Fac Ext Cet Robot Analysis Total 3 | . . 1 2 . . . . Derelict Logs Recovered . | . . . . . . . . Drone Launches . | . . . . . . . . Drone Recoveries . | . . . . . . . . Exploration | -11 -10 -9 -8 -7 -6 -6 -6 ------------- Run | Yrd Mat Mat Mat Fac Fac Ext Cet Turns Passed 6273 | 102 889 2695 877 826 329 541 14 Spaces Moved 2681 | 56 504 1026 330 338 136 270 21 Core 97 | 3 . . . . . 73 21 Treads 2165 | 53 504 1026 76 190 136 180 . Legs . | . . . . . . . . Wheels 419 | . . . 254 148 . 17 . Hover . | . . . . . . . . Flight . | . . . . . . . . Fastest Speed 50 | 50 160 160 135 120 240 50 50 Average Speed 196 | 155 160 222 177 200 240 180 50 Slowest Speed 243 | 160 160 240 240 243 240 240 50 Overloaded Moves . | . . . . . . . . Propulsion Burnouts . | . . . . . . . . Robots Hopped . | . . . . . . . . Cave-ins Triggered . | . . . . . . . . Exploration Rate (%) 36 | 5 81 87 27 12 6 54 16 Regions Visited 7 Branch Regions 2 Pre-discovered Areas . | . . . . . . . . Known Exits Taken . | . . . . . . . . Unknown Exits Taken 7 | 1 1 1 1 1 1 1 . Scrap Searched . | . . . . . . . . Spaces Dug 1 | . . . . . . 1 . Terrain Destroyed 144 | . . 43 97 2 . 2 . Melee 1 | . . . . . . 1 . Projectile 27 | . . 4 20 2 . 1 . AOE 116 | . . 39 77 . . . . Terrain Rammed . | . . . . . . . . Walls Destroyed . | . . . . . . . . Machines Disabled . | . . . . . . . . Actions | -11 -10 -9 -8 -7 -6 -6 -6 --------- Run | Yrd Mat Mat Mat Fac Fac Ext Cet Total 3170 | 67 546 1209 464 410 140 310 24 Wait 14 | . 2 5 3 3 . 1 . Move 2675 | 56 503 1025 329 337 135 269 21 Hop . | . . . . . . . . Pick Up 52 | 4 10 22 8 6 . 2 . Fast Attach 29 | 6 2 6 7 5 . 3 . Attach 40 | . . 9 9 10 4 5 3 Detach 5 | . 1 . . . 1 3 . Swap 16 | . 2 3 10 1 . . . Drop 37 | . 4 19 2 5 . 7 . Fire 236 | . 21 114 88 6 . 7 . Melee 56 | . . . 8 35 . 13 . Ram 2 | . . . . 2 . . . Kick . | . . . . . . . . Crush 8 | 1 1 6 . . . . . Escape Stasis . | . . . . . . . . Rewire . | . . . . . . . . Trap . | . . . . . . . . Miscellaneous . | . . . . . . . . Route ------- -11/Scrapyard -10/Materials (discovered 5 exits: *Mat x3 / [*Min x2]) -9/Materials (discovered 4 exits: *Mat x3 / Min) -8/Materials -7/Factory -6/Factory -6/Extension (discovered 2 exits: [*Fac] / [*Cet]) -6/Cetus History --------- Turn | Location | Event 9 | -11/Scrapyard | Discovered new exit (range 16) 103 | -11/Scrapyard | Entered Materials 211 | -10/Materials | Discovered new exit (range 16) 309 | -10/Materials | Build established: Mutant 439 | -10/Materials | Discovered new exit (range 8) 522 | -10/Materials | Discovered new exit (range 16) 535 | -10/Materials | Discovered new exit (range 16) 602 | -10/Materials | Discovered new exit (range 8) 992 | -10/Materials | Entered another Materials area 992 | -9/Materials | Evolved 2 slots: Utility x2 1332 | -9/Materials | Discovered new exit (range 8) 1579 | -9/Materials | Identified exit to Mines 2294 | -9/Materials | Discovered new exit (range 10) 2934 | -9/Materials | Build established: Scavenger-Mutant 3590 | -9/Materials | Core integrity fell below 50% 3672 | -9/Materials | Discovered new exit (range 9) 3687 | -9/Materials | Entered another Materials area 3687 | -8/Materials | Evolved 2 slots: Utility x2 4087 | -8/Materials | First assault squad dispatched 4160 | -8/Materials | Build established: Mutant 4263 | -8/Materials | Discovered new exit (range 10) 4336 | -8/Materials | Core integrity fell below 50% 4362 | -8/Materials | Lost 5 parts (1p1n3w) 4450 | -8/Materials | System corruption reached 10% 4465 | -8/Materials | Core integrity fell below 20% 4483 | -8/Materials | Lost 4 parts (1p1u2w) 4560 | -8/Materials | Lost 3 parts (2n1w) 4564 | -8/Materials | Entered Factory 4564 | -7/Factory | Evolved 2 slots: Propulsion x1, Utility x1 4832 | -7/Factory | Lost 6 parts (1p2n2u1w) 5156 | -7/Factory | Allied Derelicts emerged from ambush trap array 5361 | -7/Factory | Discovered new exit (range 12) 5364 | -7/Factory | Core integrity fell below 50% 5390 | -7/Factory | Entered another Factory area 5390 | -6/Factory | Evolved 2 slots: Propulsion x1, Weapon x1 5681 | -6/Factory | Discovered new exit (range 16) 5719 | -6/Factory | Entered Extension 6138 | -6/Extension | Spotted B-75 Beast 6159 | -6/Extension | Spotted B-75 Beast 6199 | -6/Extension | Lost 3 allies 6222 | -6/Extension | Released all parts (2) 6229 | -6/Extension | Core integrity fell below 50% 6250 | -6/Extension | Discovered new exit (range 16) 6251 | -6/Extension | Lost 9 parts (2p4n2u1w) 6251 | -6/Extension | Discovered new exit (range 14) 6255 | -6/Extension | Core integrity fell below 20% 6260 | -6/Extension | Entered Cetus 6268 | -6/Cetus | Spotted Cetus Guard 6268 | -6/Cetus | Spotted Cetus Guard 6268 | -6/Cetus | Spotted Cetus Guard 6274 | -6/Cetus | Destroyed by Cetus Guard with Advanced KE Penetrator Last Messages --------------- 06205_ Imp. Sensor Array destroyed. 06206_ R-10 Processor collects Phasing Sabre. 06208_ Imp. Deuterium Engine destroyed. 06212_ Critical hit (Burn: +37). 06217_ Dropped Imp. Treads. 06218_ Dropped Lgt. Treads. 06218_ Dropped Hcp. Storage Unit. 06219_ Dropped Huge Storage Unit. 06220_ Arm. Huge Wheel destroyed. 06221_ Dropped Backup Laser I. 06222_ Released Arm. Huge Wheel. 06222_ Released Imp. Signal Interpreter. 06250_ EXIT=FOUND 06255_ Dropped Com. Wheel. 06256_ Acquired Hvy. Flak Cannon. LOCATION=UNKNOWN GOAL=ESCAPE 06269_ Penetrated by Slug. 06274_ Com. Wheel destroyed. 06274_ Penetrated by Slug. Map ----- +----------------------------------------------------+ | ???????????????????????????????????????????????? | | ???????????????????????????????????????????????? | | ???????????????????????????????????????????????? | | ???????????????????????????????????????????????? | | ???????????????????????????????????????????????? | | ???????????????????????????????????????????????? | | ???????????????????????????????????????????????? | | ???????????????????????????????????????????????? | | ???????????????????????????????????????????????? | | ???????????????????????????????????????????????? | | ??????????????????????? ?????????????????????? | | ??????????????????????? #????????????????????? | | ??????????????????????? #????????????????????? | | ??????????????????????? #????????????????????? | | ??????????????????????? #????????????????????? | | ??????????????????????? #????????????????????? | | ??????????????????????? #????????????????????? | | ??????????????????????# #????????????????????? | | ??????????????????????# #????????????????????? | | ??????????????????????# #????????????????????? | | ??????????????????????# #????????????????????? | | ??????????????????????# #????????????????????? | | ??????????????????????# #????????????????????? | | ??????????????????????# #????????????????????? | | ??????????????????????# #????????????????????? | | ??????????????????????#@ #????????????????????? | | ?###################### #####????????????????? | | ?# +?????????? | | ?# +?????????? | | ?# Y +?????????? | | ?############################### ###?????????? | | ??????????????????????????????????##???????????? | | ???????????????????????????????????????????????? | | ???????????????????????????????????????????????? | | ???????????????????????????????????????????????? | | ???????????????????????????????????????????????? | | ???????????????????????????????????????????????? | | ???????????????????????????????????????????????? | | ???????????????????????????????????????????????? | | ???????????????????????????????????????????????? | | ???????????????????????????????????????????????? | | ???????????????????????????????????????????????? | | ???????????????????????????????????????????????? | | ???????????????????????????????????????????????? | | ???????????????????????????????????????????????? | | ???????????????????????????????????????????????? | | ???????????????????????????????????????????????? | | ???????????????????????????????????????????????? | | ???????????????????????????????????????????????? | | ???????????????????????????????????????????????? | +----------------------------------------------------+ Best States ------------- Heat Dissipation 53 Energy Generation 18 Energy Capacity 265 Matter Stores 300 Matter Capacity 300 Sight Range 16 Robot Scan Range 15 Terrain Scan Density 10 Jamming Range 12 Armor Coverage 450 Evasion (%) 50 Recoil Reduction 4 Offensive Hacking 10 Item Schematics ----------------- None Robot Schematics ------------------ None Fabricated ------------ Nothing Alien Tech Used ----------------- None Achievements -------------- A New Friend Challenges ------------ None Game ------ Seed ThrowingAuthchipPick Manual? 0 Play Time 00:52:21 Cumulative 36.3 hours Start 2024.06.11 @ 14:37:26 End 2024.06.11 @ 19:45:22 Sessions 1 Manual Loads 0 Difficulty Rogue Special Mode None Game No. 49 Rogue 49 Adventurer 0 Explorer 0 Win Type - Total 1 Types 1/0/0/0/0/0/0/0/0 Lore% 35 Gallery% 36 Achievement% 29 Wizard Run 0 Options --------- Layout 1 ASCII 0 Keyboard 0 Movement Arrows Keybinds 0 Fullscreen 1 Font 24/Smallcaps Map View 50x35 Zoom Use 0% Tactical HUD 1 Map Filters NONE Filters NONE Steam 1 RUN: b2e571fd-1098-4fff-a771-ad468b978878